 Dungeon Crawl Stone Soup version 0.31.0-11-ge490571c62 (webtiles) character file.

Game seed: 10914827313199288066

88 qw the Shooter (level 4, 0/25 HPs)
             Began as a Deep Elf Hunter on Feb 3, 2024.
             Succumbed to an adder's poison
             ... on level 2 of the Dungeon.
             The game lasted 00:00:29 (1461 turns).

qw the Shooter (Deep Elf Hunter)                    Turns: 1461, Time: 00:00:30

Health: 0/25       AC:  3    Str: 10    XL:     4   Next: 30%
Magic:  6/6        EV: 12    Int: 14    God:
Gold:   96         SH:  0    Dex: 18    Spells: 3/3 levels left

rFire   . . .        a - +0 shortbow
rCold   . . .        (shield currently unavailable)
rNeg    . . .        c - +0 leather armour
rPois   .            (no helmet)
rElec   .            (no cloak)
rCorr   .            (no gloves)
SInv    +            (no boots)
Will    .....        (no amulet)
Stlth   ++           b - ring of see invisible
HPRegen 0.24/turn    (no ring)
MPRegen 0.10/turn

%: no passive effects
@: lethally poisoned (0 -> -2)
A: no striking features
a: no special abilities


You were on level 2 of the Dungeon.
You visited 1 branch of the dungeon, and saw 3 of its levels.

You collected 96 gold pieces.


   Skills:
 - Level 1.5 Fighting
 + Level 7.7 Ranged Weapons
 - Level 2.4 Dodging
 - Level 1.2 Stealth


You had 3 spell levels left.
You didn't know any spells.
Your spell library was empty.

Inventory:

Hand Weapons
 a - a +0 shortbow (weapon)
Armour
 c - a +0 leather armour (worn)
 d - a +0 scale mail
Jewellery
 b - a ring of see invisible (left hand)
Scrolls
 f - a scroll of amnesia {unknown}
Potions
 e - a potion of lignification {unknown}

Dungeon Overview and Level Annotations

Branches:
Dungeon (3/15)

Altars:
Fedhas
Trog

Shops:
D:2 :=


Message History

The adder bites you.
You shoot an arrow. The arrow barely misses the adder.
The adder bites you.
You are poisoned.
The adder poisons you! The adder closely misses you.
You shoot an arrow. The arrow closely misses the adder.
You feel sick. The adder closely misses you.
You shoot an arrow. The arrow misses the adder.
You feel sick. The adder bites you.
You shoot an arrow. The arrow barely misses the adder.
You feel sick. The adder bites you but does no damage. The adder misses you.
You shoot an arrow. The arrow hits the adder.
The adder is almost dead.
You feel sick.
You are no longer poisoned.
The adder barely misses you.
You shoot an arrow. The arrow completely misses the adder.
The adder bites you.
You are poisoned.
The adder poisons you!
You shoot an arrow. The arrow completely misses the adder.
You feel sick. The adder bites you but does no damage. The adder bites you.
You are lethally poisoned!
The adder poisons you!
You shoot an arrow. The arrow closely misses the adder.
You feel very sick. The adder bites you but does no damage.
You shoot an arrow. The arrow closely misses the adder.
You feel sick. The adder barely misses you.
You shoot an arrow. The arrow barely misses the adder.
You feel sick. The adder closely misses you. The adder misses you.
You shoot an arrow. The arrow hits the adder.
You kill the adder!
You feel sick.
There is a lethal amount of poison in your body!
You feel sick.
There is a lethal amount of poison in your body!
You feel sick.
There is a lethal amount of poison in your body!
You die...

#####.....#
####.....###.#
####....#####...#
#.....###.'...###
#.#.#+#...#####
#.#.#..%}..#
#.####.}\}.## #.#
#..}...#
######.#####...#@#
...>.......+.###.#
#......####### #.#
#......# ..#
#......# .##
#......# ..
#......# .#
#.%....# ..
#......#


There were no monsters in sight!

Vanquished Creatures
  Terence (D:2)
  2 adders (D:2)
  3 dart slugs
  A ribbon worm (D:3)
  4 bats
  4 endoplasms
  6 giant cockroaches
  2 goblins
  2 hobgoblins
  3 kobolds
  2 quokkas (D:1)
  A ball python (D:2)
  3 frilled lizards
  A rat (D:1)
35 creatures vanquished.

Notes
Turn   | Place    | Note
-------+----------+-------------------------------------------
     0 | D:1      | qw the Deep Elf Hunter began the quest for the Orb.
     0 | D:1      | Reached XP level 1. HP: 12/12 MP: 3/3
     0 | D:1      | 0 ||| qw: Version: 0.3-a-155-g5e7d8dd
     0 | D:1      | 0 ||| qw: Game counter: 3419
     0 | D:1      | 0 ||| qw: Melee chars always use a shield: true
     0 | D:1      | 0 ||| qw: God list: Okawaru
     0 | D:1      | 0 ||| qw: Allow faded altars: false
     0 | D:1      | 0 ||| qw: Do Orc after clearing Dungeon:15 true
     0 | D:1      | 0 ||| qw: Do second Lair branch before Depths: true
     0 | D:1      | 0 ||| qw: Lair rune preference: random
     0 | D:1      | 0 ||| qw: Goals: Normal
     0 | D:1      | 0 ||| PLANNING D:1-11
   191 | D:1      | Reached skill level 6 in Ranged Weapons
   191 | D:1      | Reached XP level 2. HP: 11/16 MP: 4/4
   936 | D:1      | 936 ||| READING scroll labelled QUR MELUPLU.
   937 | D:1      | 937 ||| READING scroll labelled YWESOS FICODI.
   938 | D:1      | 938 ||| DROPPING scroll of butterflies.
   940 | D:1      | 940 ||| Stepping ~*~*~tactically~*~*~ (cloud).
  1006 | D:2      | You fall into a shaft and drop 1 floor!
  1058 | D:3      | Reached XP level 3. HP: 20/20 MP: 5/5
  1139 | D:3      | Found a blossoming altar of Fedhas.
  1178 | D:3      | 1178 ||| UPGRADING to ring of see invisible.
  1268 | D:2      | Found Wural's Book Shoppe.
  1320 | D:2      | Noticed Terence
  1324 | D:2      | Killed Terence
  1325 | D:2      | Reached skill level 7 in Ranged Weapons
  1367 | D:2      | Found a bloodstained altar of Trog.
  1382 | D:2      | Reached XP level 4. HP: 25/25 MP: 6/6
  1428 | D:2      | Found Xeogoerr's Jewellery Boutique.
  1433 | D:2      | 1433 ||| SHOPLISTING +4 ring of protection (504 gold, have
                  | 96).
  1433 | D:2      | 1433 ||| SHOPLISTING +4 ring of slaying (1092 gold, have
                  | 96).
  1433 | D:2      | 1433 ||| SHOPLISTING +5 ring of evasion (504 gold, have
                  | 96).
  1433 | D:2      | 1433 ||| SHOPLISTING +6 ring of dexterity (504 gold, have
                  | 96).
  1433 | D:2      | 1433 ||| SHOPLISTING amulet of faith (560 gold, have 96).
  1433 | D:2      | 1433 ||| SHOPLISTING amulet of the acrobat (420 gold, have
                  | 96).
  1433 | D:2      | 1433 ||| SHOPLISTING ring of Efriuggui {Fly rPois Str-2
                  | Dex+2} (401 gold, have 96).
  1433 | D:2      | 1433 ||| SHOPLISTING ring of protection from cold (350
                  | gold, have 96).
  1456 | D:2      | HP: 5/25 [poisoned by an adder]
  1458 | D:2      | HP: 2/25 [poisoned by an adder]
  1461 | D:2      | Succumbed to an adder's poison

Levels and vault maps discovered:
D:1:      amcnicky_arrival_blooded_trapdoor, layout_loops_corners,
          serial_bayou_lagoon_b
D:2:      layout_basic, basic_altar, serial_forest, infiniplex_forest_fountain,
          infiniplex_forest_lined_4_way, infiniplex_forest_join,
          infiniplex_forest_lined_room_3, infiniplex_forest_lined_room_3,
          infiniplex_forest_zigzag_2, serial_shops, nicolae_shop_rolling_square,
          nicolae_shop_advertising_works [nicolae_subvault_shop_adworks], shop,
          shop, uniq_terence
D:3:      layout_loops_ring, fedhas_altar_3, nicolae_overflow_ecumenical_swirl,
          kennysheep_generic_room_6, uniq_natasha, uniq_robin

Skill      XL: |  1  2  3 |
---------------+----------+-----
Ranged Weapons | 6 7 |  7.7
Fighting       | |  1.5
Dodging        | |  2.4
Stealth        | |  1.2

Action                     |  1- 3 |  4- 6 || total
---------------------------+-------+-------++-------
   Fire: Shortbow          |    94 |    21 ||   115
    Use: Scroll            |     2 |       ||     2
 Armour: Leather armour    |    22 |     8 ||    30
  Dodge: Dodged            |    25 |     8 ||    33

Table legend:
 A = Non-vault XP
 B = Vault XP
 C = Vault XP percentage of total XP
 D = Non-vault monster count
 E = Vault monster count
 F = Vault count percentage of total count
                 A         B        C        D         E       F
            +---------+---------+-------+---------+---------+-------
      Total |      87 |      40 |  31.5 |      31 |       4 |  11.4
            +---------+---------+-------+---------+---------+-------
        D:1 |      33 |       0 |   0.0 |      16 |       0 |   0.0
        D:2 |      41 |      36 |  46.8 |      10 |       1 |   9.1
        D:3 |      13 |       4 |  23.5 |       5 |       3 |  37.5
            +---------+---------+-------+---------+---------+-------
